 Dungeon Crawl Stone Soup version 0.30-a0-528-g8c47a4955b (webtiles) character file.

Game seed: 5056620260623434121

1161 oldriver the Covert (level 8, -2/73 HPs)
             Began as a Naga Artificer on Dec 24, 2022.
             Was a Follower of Wu Jian.
             Slain by an orc
             ... wielding a +0 mace
              (5 damage)
             ... on level 6 of the Dungeon.
             The game lasted 00:11:29 (5993 turns).

oldriver the Covert (Naga Artificer)                Turns: 5993, Time: 00:11:29

Health: -2/73      AC:  4    Str: 14    XL:     8   Next: 39%
Magic:  8/8        EV: 13    Int: 12    God:    Wu Jian [*.....]
Gold:   291        SH:  0    Dex: 14    Spells: 7/7 levels left

rFire   . . .      SeeInvis +    k - +2 dagger (venom)
rCold   . . .      Faith    .    (no shield)
rNeg    . . .      Spirit   .    b - +0 leather armour
rPois   +          Reflect  .    (no helmet)
rElec   .          Harm     .    E - scarf {+Inv}
rCorr   .          Rampage  .    (no gloves)
Will    +....                    (no barding)
Stlth   ++++                     (no amulet)
HPRegen 0.32/turn                f - +4 ring of evasion
MPRegen 0.11/turn                (no ring)

@: lethally poisoned (-2 -> -9), short of breath, very slow
A: AC +2, large, see invisible, deformed body, poison resistance, slowness 2,
spit poison 1, naga tail 1
a: Spit Poison, Renounce Religion, Evoke Invisibility


You were on level 6 of the Dungeon.
You worshipped Wu Jian.
Wu Jian was aware of your devotion.
You visited 1 branch of the dungeon, and saw 6 of its levels.

You collected 291 gold pieces.

Inventory:

Hand Weapons
 k - a +2 dagger of venom (weapon)
 o - a +3 short sword of venom
Missiles
 p - 10 poisoned darts
Armour
 b - a +0 leather armour (worn)
 A - +0 ice dragon scales
 E - a scarf of invisibility (worn)
Jewellery
 f - a +4 ring of evasion (left hand)
 j - an amulet of faith
 B - the ring "Putes" {rPois rN+ Str+2 Slay-2}
   (You found it on level 5 of the Dungeon)

   [ring of positive energy]

   Str:       It affects your strength (+2).
   Slay:      It affects your accuracy & damage with ranged weapons and melee
   (-2).
   rPois:     It protects you from poison.
   rN:        It protects you from negative energy.
 D - a ring of magical power
Wands
 c - a wand of flame (10)
 d - a wand of charming (13)
 e - a wand of iceblast (5)
Scrolls
 g - 2 scrolls of magic mapping
 q - 3 scrolls of teleportation
 v - a scroll of fog
 x - a scroll of enchant weapon {unknown}
 y - a scroll of poison {unknown}
 C - a scroll of blinking {unknown}
Potions
 a - a potion of might {unknown}
 h - 2 potions of ambrosia
 i - 2 potions of resistance
 l - a potion of degeneration
 m - 6 potions of curing
 n - a potion of mutation {unknown}
 t - a potion of heal wounds {unknown}
 u - a potion of flight {unknown}
 w - a potion of magic
 z - a potion of attraction {unknown}


   Skills:
 + Level 4.6 Fighting
 * Level 6.2 Short Blades
 - Level 2.0 Throwing
 - Level 1.5 Armour
 - Level 0.7 Dodging
 + Level 8.0 Stealth
 - Level 3.0 Evocations


You had 7 spell levels left.
You didn't know any spells.
Your spell library contained the following spells:

 Spells                   Type           Power      Damage    Failure   Level
 Frozen Ramparts          Ice            0%         1d1       77%         3
 Ozocubu's Armour         Ice            0%         N/A       77%         3
 Ice Form                 Ice/Tmut       0%         N/A       99%         4
 Summon Ice Beast         Ice/Summ       0%         N/A       99%         4
 Metabolic Englaciation   Hex/Ice        0%         N/A       100%        5
 Simulacrum               Ice/Necr       0%         N/A       100%        6


Dungeon Overview and Level Annotations

Branches:
Dungeon (6/15)
 Temple: D:4-7

Altars:
Ashenzari
Okawaru
Ru
Wu Jian
Zin
The Shining One

Shops:
D:6 (


Innate Abilities, Weirdness & Mutations

Your serpentine skin is tough. (AC +2)
You have supernaturally acute eyesight. (SInv)
Armour fits poorly on your strangely shaped body.
Your system is resistant to poisons. (rPois)
You cover ground very slowly.
You can spit poison.
You have a snake-like lower body.


Message History

You hit the yak but do no damage. You hit the yak but do no damage.
The yak is poisoned.
The yak misses you.
You completely miss the yak. The yak gores you but does no damage.
You are too injured to fight recklessly!
Aiming: Spit Poison (1% risk of failure)
Press: ? - help, Shift-Dir - straight line, f - yak
Aim: a yak (very poisoned, 78% to hit)
The splash of poison hits the yak.
The yak looks even sicker.
The yak is lightly wounded.
The yak closely misses you.
Unknown command.
You closely miss the yak.
The yak is lightly wounded.
You barely miss the yak.
The yak is lightly wounded.
Your surroundings suddenly seem different. 4 orcs come into view.
An orc is wielding a +1 dagger of venom.
The orc shouts! x2
The orc barely misses you. The orc closely misses you.
You hit the orc but do no damage.
The orc is poisoned.
The orc hits you with a +1 dagger of venom.
* * * LOW HITPOINT WARNING * * *
You are poisoned.
The orc hits you with a +0 club.
* * * LOW HITPOINT WARNING * * *
The orc hits you with a +0 hand axe.
* * * LOW HITPOINT WARNING * * *
You hit the orc.
The orc is poisoned.
The orc is lightly wounded.
* * * LOW HITPOINT WARNING * * *
You feel very sick.
You hit the orc.
The orc is poisoned.
The orc is heavily wounded.
* * * LOW HITPOINT WARNING * * *
You feel sick.
The orc hits you with a +1 dagger of venom.
* * * LOW HITPOINT WARNING * * *
The orc misses you. The orc hits you with a +0 mace.
You die...

....
..#. ...
.... #..
##.#
#..#####
#......#
#......#
#...o..#
##
#...@o.#
.#
#..o.o.#
.#
#......#
.#
#......#
##
#......#
########


You could see 4 orcs.

Vanquished Creatures
  3 yaks (D:6)
  2 black bears
  An ogre (D:5)
  A necrophage (D:5)
  A howler monkey (D:5)
  A jelly (D:6)
  2 hounds (D:5)
  An iguana (D:5)
  12 adders
  A shadow imp (D:4)
  An ufetubus (D:5)
  3 worms
  A dart slug (D:1)
  2 orcs
  9 endoplasms
  A giant cockroach (D:2)
  4 hobgoblins
  2 jackals (D:2)
  4 quokkas
  8 ball pythons
  4 bats
  4 frilled lizards
  9 goblins
  9 kobolds
  7 rats
93 creatures vanquished.

Vanquished Creatures (collateral kills)
  4 gnolls (D:5)
4 creatures vanquished.

Grand Total: 97 creatures vanquished

Notes
Turn   | Place    | Note
-------+----------+-------------------------------------------
     0 | D:1      | oldriver the Naga Artificer began the quest for the Orb.
     0 | D:1      | Reached XP level 1. HP: 18/18 MP: 1/1
   190 | D:1      | Reached skill level 2 in Stealth
   301 | D:1      | Reached XP level 2. HP: 25/25 MP: 2/2
   550 | D:1      | Reached skill level 1 in Short Blades
   782 | D:1      | Reached XP level 3. HP: 32/32 MP: 3/3
   931 | D:2      | Reached skill level 3 in Stealth
  1591 | D:2      | Reached XP level 4. HP: 31/39 MP: 4/4
  2187 | D:3      | Found a glowing golden altar of the Shining One.
  2187 | D:3      | Found a sacrificial altar of Ru.
  2466 | D:3      | Found an iron altar of Okawaru.
  2475 | D:3      | Found an ornate altar of the Wu Jian Council.
  2484 | D:3      | Reached skill level 4 in Stealth
  2488 | D:3      | Reached XP level 5. HP: 40/46 MP: 5/5
  2542 | D:3      | Found a broken altar of Ashenzari.
  2556 | D:3      | Became a worshipper of the Wu Jian Council
  3249 | D:4      | Found a glowing silver altar of Zin.
  3753 | D:4      | Noticed a phantom
  3775 | D:5      | Entered Level 5 of the Dungeon
  3913 | D:5      | HP: 1/39 [necrophage (3)]
  3919 | D:5      | Reached skill level 5 in Stealth
  3919 | D:5      | Reached XP level 6. HP: 3/55 MP: 6/6
  4372 | D:5      | Identified the ring "Putes" {rPois rN+ Str+2 Slay-2}
  4545 | D:5      | Reached skill level 6 in Stealth
  4545 | D:5      | Reached XP level 7. HP: 61/62 MP: 7/7
  4767 | D:5      | Reached * piety under Wu Jian
  5081 | D:5      | Reached skill level 5 in Short Blades
  5111 | D:6      | Noticed a yak
  5111 | D:6      | Noticed a yak
  5111 | D:6      | Noticed a yak
  5173 | D:6      | Reached skill level 7 in Stealth
  5242 | D:6      | Found Gishaan's Antique Weapon Boutique.
  5289 | D:6      | Noticed a yak
  5289 | D:6      | Noticed a yak
  5321 | D:6      | Killed a yak
  5322 | D:6      | Reached skill level 1 in Throwing
  5468 | D:6      | Reached XP level 8. HP: 10/72 MP: 8/8
  5852 | D:6      | Killed a yak
  5984 | D:6      | Killed a yak
  5985 | D:6      | Reached skill level 8 in Stealth
  5993 | D:6      | HP: 3/73 [orc/+1 dagger of venom (3)]
  5993 | D:6      | Slain by an orc

Illustrated notes

Levels and vault maps discovered:
D:1:      dpeg_arrival_pond, layout_loops_ring
D:2:      layout_rooms
D:3:      layout_loops_ring, grunt_temple_overflow_open,
          gammafunk_temple_overflow_statue
D:4:      wad_crossroads, layout_cave_pods, amcnicky_altar_gilded
D:5:      layout_basic
D:6:      layout_rooms, minmay_temple_entry_butterflies, serial_shops, shop

Skill      XL: |  1  2  3  4  5  6  7  8 |
---------------+-------------------------+-----
Stealth        | 2 3 4 5 6 7 8 |  8.0
Short Blades   | 1 2 3 4 5 6 |  6.2
Fighting       | 2 3 4 |  4.6
Throwing       | 1 2 |  2.0
Armour         | |  1.5
Dodging        | |  0.7
Evocations     | |  3.0

Action                   |  1- 3 |  4- 6 |  7- 9 || total
-------------------------+-------+-------+-------++-------
Melee: Club              |     8 |       |       ||     8
       Dagger            |    97 |   141 |    49 ||   287
       Punch             |       |     1 |     3 ||     4
Invok: Lunge             |       |     4 |     5 ||     9
 Abil: Spit Poison       |    41 |    32 |     8 ||    81
Evoke: Wand              |       |     3 |     4 ||     7
  Use: Scroll            |       |     5 |     7 ||    12
 Stab: Sleeping          |       |     2 |     3 ||     5
       Distracted        |       |     1 |       ||     1
Armor: Leather armour    |    14 |    12 |     6 ||    32
Dodge: Dodged            |    45 |    78 |    31 ||   154

Table legend: (Time is in decaauts)
 A = Elapsed time spent in this place.
 B = Non-inter-level travel time spent in this place.
 C = Inter-level travel time spent in this place.
 D = Time resting spent in this place.
 E = Time spent auto-exploring this place.
 F = Levels seen in this place.
 G = Mean time per level.
                   A        B        C        D        E       F      G
               +--------+--------+--------+--------+--------+-----+--------+
         Total |   7365 |   7110 |    255 |   1454 |   4219 |   6 | 1227.5 |
       Dungeon |   7365 |   7110 |    255 |   1454 |   4219 |   6 | 1227.5 |
               +--------+--------+--------+--------+--------+-----+--------+

Top non-repeatable levels by time:
     D:5: 1590 daAuts
     D:4: 1339 daAuts
     D:1: 1326 daAuts
     D:3: 1129 daAuts
     D:2: 1068 daAuts
     D:6: 911 daAuts
